 Dungeon Crawl Stone Soup version 0.25-a0-492-g44cc58d149 (webtiles) character file.

Game seed: 14216069878037083843, levelgen mode: deterministic

59 Lugonue the Slasher (level 4, -7/37 HPs)
             Began as a Merfolk Chaos Knight on Feb 11, 2020.
             Was a Plaything of Xom.
             Killed by divine providence
             ... invoked by an orc priest
              (13 damage)
             ... on level 3 of the Dungeon.
             The game lasted 00:03:02 (1465 turns).

Lugonue the Slasher (Merfolk Chaos Knight)          Turns: 1465, Time: 00:03:03

Health: -7/37      AC:  7    Str: 17    XL:     4   Next: 3%
Magic:  4/4        EV: 12    Int: 12    God:    Xom [.*....]
Gold:   194        SH:  0    Dex: 13    Spells: 3/3 levels left

rFire    . . .     SeeInvis .   a - +0 falchion (chaos)
rCold    . . .     Gourm    .   (no shield)
rNeg     . . .     Faith    .   i - +0 ring mail
rPois    .         Spirit   .   k - +0 helmet
rElec    .         Reflect  .   (no cloak)
rCorr    .         Harm     .   n - +0 pair of gloves
MR       .....                  (no boots)
Stlth    +.........             (no amulet)
HPRegen  0.12/turn              (no ring)
MPRegen  0.09/turn              (no ring)

@: mighty
A: change form in water, swift swim, stealthy swim
a: Renounce Religion


You were on level 3 of the Dungeon.
You worshipped Xom.
You were a plaything of Xom.
You were not hungry.

You visited 1 branch of the dungeon, and saw 3 of its levels.

You collected 194 gold pieces.

Inventory:

Hand Weapons
 a - a +0 falchion of chaos (weapon)
Missiles
 l - 17 poisoned darts (quivered)
Armour
 b - a +2 leather armour
 i - a +0 ring mail (worn)
 k - a +0 helmet (worn)
 n - a +0 pair of gloves (worn)
Scrolls
 d - 7 scrolls of identify {unknown}
 f - 2 scrolls of amnesia {unknown}
 g - a scroll of remove curse {unknown}
 h - 2 scrolls of fog {unknown}
 j - a scroll of teleportation {unknown}
 o - a scroll of blinking {unknown}
Potions
 e - a potion of might
Comestibles
 c - 3 rations


   Skills:
 + Level 4.0 Fighting
 + Level 4.1 Long Blades
 + Level 1.0 Armour
 + Level 3.2 Dodging
 + Level 0.6 Stealth


You had 3 spell levels left.
You didn't know any spells.
Your spell library was empty.

Dungeon Overview and Level Annotations

Branches:
Dungeon (3/15)

Altars:
Dithmenos


Message History

* * * LOW HITPOINT WARNING * * *
You hit the orc priest but do no damage.
The orc priest flickers and vanishes!
Deactivating autopickup; reactivate with Ctrl-A.
Xom's power touches on a nearby monster.
The orc evaporates and reforms as a rat!
Something hits you.
* * * LOW HITPOINT WARNING * * *
The rat closely misses you.
You riposte.
You hit the rat. Lightning courses through the rat!
You kill the rat!
The orc returns to its original shape as it dies.
It was a potion of might.
You feel very mighty all of a sudden.
You hit something. You burn something. The orc priest hits you with a +0 club.
* * * LOW HITPOINT WARNING * * *
You hear something call down the wrath of Beogh upon you.
Beogh smites you!
You die...
Xom bursts into laughter!

....(. #.##.#
...#+#.#.#..#
.......#.#..#
.......#.#..#
.......#.#..#######
.o.....#.#.........
.......#@##.#######
.......#{o.........
...o...............
##########.########
#.# #.# #####+#'##
.........#
.........#


You could see an orc priest.

Vanquished Creatures
  An adder (D:2)
  A worm (D:2)
  An orc (D:3)
  2 giant cockroaches
  6 hobgoblins
  7 jackals (D:1)
  A quokka (D:2)
  4 bats
  A frilled lizard (D:2)
  7 goblins
  3 kobolds
  6 rats
40 creatures vanquished.

Vanquished Creatures (collateral kills)
  A worm (D:2)
  3 bats (D:2)
  A hobgoblin (D:2)
  A kobold (D:2)
6 creatures vanquished.

Grand Total: 46 creatures vanquished

Notes
Turn   | Place    | Note
-------+----------+-------------------------------------------
     0 | D:1      | Lugonue the Merfolk Chaos Knight began the quest for the
                  | Orb.
     0 | D:1      | Reached XP level 1. HP: 18/18 MP: 1/1
    11 | D:1      | XOM: harmless Tloc miscast
   140 | D:1      | Reached XP level 2. HP: 21/25 MP: 2/2
   230 | D:1      | XOM: harmless Conj miscast
   996 | D:2      | Reached XP level 3. HP: 30/30 MP: 3/3
  1180 | D:2      | XOM: summons friendly ufetubus
  1209 | D:2      | Reached skill level 1 in Armour
  1289 | D:2      | Found a shadowy altar of Dithmenos.
  1457 | D:3      | Reached XP level 4. HP: 26/37 MP: 4/4
  1462 | D:3      | XOM: harmless Ice miscast
  1463 | D:3      | XOM: polymorph orc -> rat
  1465 | D:3      | Killed from afar by an orc priest

Levels and vault maps discovered:
D:1:      nicolae_arrival_washed_ashore, layout_loops_ring, roderic_lattice_a
D:2:      layout_loops_ring, grunt_dithmenos_smoke, first_ration,
          grunt_decor_resistance, due_unseen_surprise
D:3:      minmay_diamond_boxcup, layout_basic

Skill      XL: |  1  2  3 |
---------------+----------+-----
Dodging        | 3 |  3.2
Fighting       | 4 |  4.0
Armour         | 1 |  1.0
Long Blades    | 4 |  4.1
Stealth        | |  0.6

Action                   |  1- 3 |  4- 6 || total
-------------------------+-------+-------++-------
Melee: Falchion          |    99 |     7 ||   106
  Use: Potion            |       |     1 ||     1
 Stab: Sleeping          |     1 |       ||     1
       Petrifying        |     1 |       ||     1
  Eat: Chunk             |     2 |       ||     2
Armor: Leather armour    |    12 |       ||    12
       Ring mail         |    30 |     1 ||    31
Dodge: Dodged            |    81 |     3 ||    84
       Rpst.: Falchion   |    17 |     1 ||    18

Table legend:
 A = Non-vault XP
 B = Vault XP
 C = Vault XP percentage of total XP
 D = Non-vault monster count
 E = Vault monster count
 F = Vault count percentage of total count
                 A         B        C        D         E       F
            +---------+---------+-------+---------+---------+-------
      Total |      85 |       0 |   0.0 |      46 |       0 |   0.0
            +---------+---------+-------+---------+---------+-------
        D:1 |      31 |       0 |   0.0 |      19 |       0 |   0.0
        D:2 |      48 |       0 |   0.0 |      24 |       0 |   0.0
        D:3 |       6 |       0 |   0.0 |       3 |       0 |   0.0
            +---------+---------+-------+---------+---------+-------
